 Dungeon Crawl Stone Soup version 0.19.4 (webtiles) character file.

1442 sveltemanboy the Carver (level 8, 0/50 HPs)
             Began as a High Elf Skald on Feb 3, 2017.
             Succumbed to a scorpion's poison
             ... on level 6 of the Dungeon.
             The game lasted 00:15:56 (7839 turns).

sveltemanboy the Carver (High Elf Skald)            Turns: 7839, Time: 00:15:57

Health: 0/50       AC:  4    Str: 13    XL:     8   Next: 46%
Magic:  12/12      EV: 14    Int: 15    God:
Gold:   351        SH:  0    Dex: 16    Spells: 4 memorised, 3 levels left

rFire  . . .     SeeInvis .     a - +0 falchion
rCold  . . .     Gourm    .     h - +0 leather armour
rNeg   . . .     Faith    .     (no shield)
rPois  .         Spirit   .     (helmet restricted)
rElec  .         Reflect  .     (no cloak)
rCorr  .         Harm     .     (no gloves)
MR     .....     Rnd*Rage +     l - +0 pair of boots
Stlth  ++........               y - amulet of magic regeneration
                                (no ring)
                                (no ring)

@: lethally poisoned (0 -> -4), exhausted, slowed, very slow
A: horns 1, thin skeletal structure 1, berserk 2, blink, clumsy 1, dopey 1,
strong 1, MP-powered wands
a: Blink


You were on level 6 of the Dungeon.
You were very hungry.

You visited 1 branch of the dungeon, and saw 6 of its levels.

You collected 351 gold pieces.

Inventory:

Hand Weapons
 a - a +0 falchion (weapon)
 b - a +2 dagger of venom
 z - a +0 long sword
Armour
 h - a +0 leather armour (worn)
 l - a +0 pair of boots (worn)
 t - a +0 helmet
Jewellery
 y - an amulet of magic regeneration (around neck)
Scrolls
 e - 4 scrolls of identify
 n - 2 scrolls of remove curse {unknown}
 r - a scroll of blinking {unknown}
 s - 2 scrolls of random uselessness {unknown}
 u - a scroll of fog {unknown}
 v - a scroll of fear {unknown}
 x - 2 scrolls of noise {unknown}
 A - 3 scrolls of teleportation {unknown}
 B - a scroll of immolation {unknown}
 C - a scroll of amnesia {unknown}
Potions
 g - a potion of heal wounds
 j - a potion of might
 p - a potion of berserk rage
 q - a potion of flight
 w - 2 potions of brilliance
Books
 c - a book of Battle

   Spells                             Type                      Level
   a - Infusion                       Charms                       1
   b - Shroud of Golubria             Charms/Translocation         2
   c - Song of Slaying                Charms                       2
   d - Spectral Weapon                Hexes/Charms                 3
   e - Regeneration                   Charms/Necromancy            3
Comestibles
 d - 4 bread rations
 f - a royal jelly
 k - 2 slices of pizza
 m - a beef jerky
 o - 5 meat rations


   Skills:
 - Level 2.0 Fighting
 * Level 10.3 Long Blades
 + Level 3.2 Armour
 + Level 3.9 Dodging
 - Level 2.4 Spellcasting
 - Level 2.0 Hexes
 - Level 4.0 Charms
 - Level 2.0 Translocations


You had 3 spell levels left.
You knew the following spells:

 Your Spells              Type           Power        Failure   Level  Hunger
a - Infusion              Chrm           ##..         6%          1    #......
b - Song of Slaying       Chrm           ##......     10%         2    ###....
c - Shroud of Golubria    Chrm/Tloc      ##........   14%         2    ###....
d - Spectral Weapon       Hex/Chrm       ##......     24%         3    ###....


Dungeon Overview and Level Annotations

Branches:
Dungeon (6/15)
 Temple: D:4-7

Altars:
Cheibriados
Makhleb
Qazlal

Shops:
D:4 *


Innate Abilities, Weirdness & Mutations

You have a pair of small horns on your head.
You have a somewhat thin skeletal structure. (Dex +2, Stealth)
You often lose your temper in combat.
You can translocate small distances at will.
You are clumsy. (Dex -2)
You are dopey. (Int -2)
Your muscles are strong. (Str +2)
You expend magic power (3 MP) to strengthen your wands.


Message History

You feel your anger subside.
You are no longer berserk.
You are exhausted.
You feel yourself slow down.
* * * LOW HITPOINT WARNING * * *
You feel sick.
* * * LOW HITPOINT WARNING * * *
You feel sick.
* * * LOW HITPOINT WARNING * * *
You feel sick.
* * * LOW HITPOINT WARNING * * *
You feel sick.
* * * LOW HITPOINT WARNING * * *
You feel sick.
* * * LOW HITPOINT WARNING * * *
You feel sick.
* * * LOW HITPOINT WARNING * * *
You feel sick.
* * * LOW HITPOINT WARNING * * *
You feel sick.
You die...

#######......#.#..#
#.....'......#..(.#
#.#####......###.## ..
#<............. ##.
##########...## # ..
#......# ... #.
##.###..#
##...#.########..#....#
.......@......#......##
###..#.######.#.##.###
# #+ #.#..#.# #.#..#.#
#.#..#.# #.#..#.# .##
#.#..#.#####
.....#.#..#^.....
#............<.


There were no monsters in sight!

Vanquished Creatures
  An ice beast (D:6)
  A sky beast (D:6)
  A necrophage (D:3)
  3 ogres (D:5)
  2 centaurs (D:5)
  2 scorpions (D:6)
  A crimson imp (D:5)
  A bullfrog zombie (D:5)
  A centaur zombie (D:5)
  A centaur skeleton (D:3)
  A hound (D:4)
  4 orc priests
  A jelly (D:4)
  2 orc wizards
  A bullfrog skeleton (D:5)
  An iguana (D:4)
  2 worker ants (D:4)
  Robin (D:2)
  4 gnolls (D:4)
  An adder (D:2)
  A shadow imp (D:4)
  An adder zombie (D:5)
  An adder skeleton (D:4)
  2 worms
  4 dart slugs
  5 leopard geckos
  19 orcs
  9 bats
  2 giant cockroaches
  21 goblins
  10 hobgoblins
  A jackal (D:1)
  9 kobolds
  4 quokkas
  A ball python (D:1)
  A ball python skeleton (D:4)
  2 frilled lizards
  A giant cockroach zombie (D:5)
  A leopard gecko skeleton (D:6)
  A leopard gecko zombie (D:5)
  A quokka skeleton (D:4)
  5 rats
134 creatures vanquished.

Notes
Turn   | Place    | Note
-------+----------+-------------------------------------------
     0 | D:1      | sveltemanboy the High Elf Skald began the quest for the Orb.
     0 | D:1      | Reached XP level 1. HP: 14/14 MP: 4/4
    36 | D:1      | Reached skill level 1 in Armour
   339 | D:1      | Reached XP level 2. HP: 17/19 MP: 6/6
   372 | D:1      | Learned a level 2 spell: Song of Slaying
   375 | D:1      | Learned a level 2 spell: Shroud of Golubria
   505 | D:1      | Reached skill level 3 in Long Blades
   880 | D:1      | Reached skill level 1 in Translocations
   913 | D:1      | Reached XP level 3. HP: 22/24 MP: 7/7
  1626 | D:2      | Reached skill level 4 in Long Blades
  1926 | D:2      | Noticed Robin
  1939 | D:2      | Killed Robin
  1939 | D:2      | Reached XP level 4. HP: 27/29 MP: 8/8
  2975 | D:3      | Noticed a necrophage
  2989 | D:3      | Killed a necrophage
  2989 | D:3      | Reached skill level 6 in Long Blades
  2989 | D:3      | Reached XP level 5. HP: 34/34 MP: 0/9
  3363 | D:3      | Learned a level 3 spell: Spectral Weapon
  3389 | D:3      | Found a stormy altar of Qazlal.
  3434 | D:3      | Reached skill level 1 in Hexes
  3434 | D:3      | Reached XP level 6. HP: 17/39 MP: 8/10
  3914 | D:4      | Found Xusum's General Store.
  3975 | D:4      | Reached skill level 7 in Long Blades
  5214 | D:4      | Reached skill level 8 in Long Blades
  5334 | D:5      | Entered Level 5 of the Dungeon
  5355 | D:5      | Reached XP level 7. HP: 22/45 MP: 11/11
  6523 | D:5      | Found a snail-covered altar of Cheibriados.
  6671 | D:5      | Reached skill level 9 in Long Blades
  7087 | D:5      | Found a burning altar of Makhleb.
  7195 | D:5      | Reached XP level 8. HP: 50/50 MP: 12/12
  7715 | D:6      | Reached skill level 10 in Long Blades
  7760 | D:6      | Gained mutation: You have a pair of small horns on your head. [mutagenic meat]
  7761 | D:6      | Gained mutation: You can translocate small distances at will. [mutagenic meat]
  7762 | D:6      | Gained mutation: You tend to lose your temper in combat. [mutagenic meat]
  7763 | D:6      | Gained mutation: You have a somewhat thin skeletal structure. (Dex +2, Stealth) [mutagenic meat]
  7764 | D:6      | Gained mutation: Your muscles are strong. (Str +2) [mutagenic meat]
  7765 | D:6      | Gained mutation: You are clumsy. (Dex -2) [mutagenic meat]
  7771 | D:6      | Gained mutation: You expend magic power (3 MP) to strengthen your wands. [potion of mutation]
  7772 | D:6      | Gained mutation: You often lose your temper in combat. [potion of mutation]
  7772 | D:6      | Gained mutation: You are dopey. (Int -2) [potion of mutation]
  7837 | D:6      | HP: 2/50 [poisoned by a scorpion]
  7839 | D:6      | Succumbed to a scorpion's poison

Skill      XL: |  1  2  3  4  5  6  7  8 |
---------------+-------------------------+-----
Armour         | 1 2 3 |  3.2
Charms         | 4 |  4.0
Long Blades    | 3 4 6 8 9 10 | 10.3
Translocations | 1 2 |  2.0
Hexes          | 1 2 |  2.0
Dodging        | 3 |  3.9
Fighting       | |  2.0
Spellcasting   | |  2.4

Action                   |  1- 3 |  4- 6 |  7- 9 || total
-------------------------+-------+-------+-------++-------
Melee: Falchion          |    72 |     7 |   157 ||   236
       Short sword       |    92 |   185 |       ||   277
       Dagger            |       |    66 |    83 ||   149
       Headbutt          |       |       |     3 ||     3
 Cast: Song of Slaying   |     2 |     2 |     3 ||     7
       Shroud of Golubri |     1 |    10 |     7 ||    18
       Infusion          |     1 |     2 |       ||     3
       Spectral Weapon   |       |     2 |     1 ||     3
  Use: Potion            |       |     2 |     2 ||     4
       Scroll            |       |       |     6 ||     6
 Stab: Sleeping          |     1 |       |     2 ||     3
  Eat: Chunk             |     3 |    12 |    14 ||    29
Armor: Leather armour    |    27 |    57 |    47 ||   131
Dodge: Dodged            |    73 |   129 |   126 ||   328
       Rpst.: Falchion   |    12 |       |    26 ||    38
